Map: Cresta di Lerilak

Players

Jhyrachy - Winner!

  • Race: Zerg Zerg
  • League: Silver

TTknight

  • Race: Zerg Zerg
  • League: Silver

VOD

Have the link to the VOD?

Description

Time

  • Played on: Dec. 8, 2015, 7:18 a.m.
  • Length: 7:23
Show
View Real Time Build Order
Export as new Build Order

Jhyrachy Zerg - Winner!

Build Orders: Hatch First 

Get SALT Encoding   

  12  0:03  Drone  
  13  0:13  Overlord  
  13  0:18  Drone  
  14  0:32  Drone x2  
  16  0:40  Drone  
  17  1:00  Hatchery  
  17  1:03  Drone  
  17  1:08  Extractor  
  16  1:11  Drone  
  16  1:18  Spawning Pool  
  16  1:21  Drone  
  16  1:24  Drone  
  18  1:34  Overlord  
  18  1:50  Drone  
  19  2:10  Metabolic Boost  
  19  2:11  Queen  
  19  2:14  Queen  
  23  2:31  Baneling Nest  
  23  2:35  Drone x2  
  23  2:36  Drone x3  
  27  2:39  Overlord  
  27  2:47  Overlord  
  27  3:19  Drone  
  29  3:20  Drone x3  
  31  3:33  Extractor  
  31  3:34  Zergling x10  
  31  3:35  Zergling x2  
  36  3:42  Spine Crawler  
  35  3:49  Zergling x10  
  34  3:59  Queen  
  36  4:09  Baneling  
  31  4:31  Zergling x4  
  31  4:32  Zergling x14  
  27  4:51  Roach Warren  
  23  4:57  Queen  
  25  5:16  Baneling x2  
  25  5:17  Baneling x10  
  25  5:20  Drone x2  
  25  5:21  Drone x4  
  31  5:28  Drone  
  31  5:29  Drone x2  
  28  6:00  Roach x9  
  46  6:17  Roach x2  
  50  6:42  Roach  
  52  6:55  Overlord x4  
Show
View Real Time Build Order
Export as new Build Order

TTknight Zerg 

Build Orders: Pool First, Zergling Baneling 

Get SALT Encoding   

  12  0:06  Drone  
  13  0:13  Overlord  
  13  0:17  Drone  
  14  0:35  Spawning Pool  
  13  0:39  Extractor, Drone  
  13  0:44  Drone  
  13  0:49  Drone  
  15  0:54  Drone  
  16  1:02  Drone  
  17  1:25  Hatchery, Zergling x2  
  17  1:36  Queen  
  19  1:40  Drone  
  20  1:55  Metabolic Boost  
  20  1:57  Drone x2  
  22  2:04  Overlord  
  22  2:23  Drone x2  
  22  2:25  Baneling Nest  
  23  2:38  Queen  
  23  2:40  Zergling x4  
  27  2:59  Zergling x8  
  27  3:00  Zergling x4  
  33  3:06  Extractor  
  33  3:07  Overlord  
  33  3:10  Overlord  
  32  3:30  Baneling x4  
  32  3:31  Baneling x5  
  32  3:32  Baneling  
  32  3:35  Zergling x2  
  32  3:36  Zergling x2  
  32  3:41  Drone x2  
  30  3:59  Zergling x10  
  35  4:03  Baneling x2  
  35  4:07  Baneling x2  
  35  4:09  Baneling  
  30  4:36  Baneling  
  30  4:40  Zergling x4  
  30  4:41  Zergling x6  
  30  4:43  Drone  
  30  4:44  Drone  
  34  4:53  Zergling x4  
  35  5:00  Baneling x3  
  35  5:01  Baneling  
  35  5:04  Zergling x4  
  37  5:13  Baneling x2  
  39  5:17  Drone  
  38  5:28  Zergling x2  
  38  5:29  Zergling x8  
  38  5:31  Overlord  
  22  5:57  Zergling x2  
  22  5:58  Zergling x14  
  22  6:02  Drone  
  31  6:06  Baneling  
  31  6:13  Drone  
  31  6:16  Drone  
  33  6:22  Drone  
  27  6:42  Zergling x8  
  30  6:49  Drone  
  30  6:50  Drone  
  30  6:53  Baneling  
  30  6:54  Baneling  
  32  6:55  Baneling  
  32  7:00  Zergling x2  
  33  7:05  Baneling x2  
  33  7:06  Baneling  
Tags
 
Add a new tag
Caveats
  • Supply blocks, unpowered buildings, or Contaminate may cause inaccurate times.
  • Supply counts are checked every 10 seconds.